General information
- name: BNet
- type: Ladder team game (AT/RT)
- host: Battle.net
- saver: LATEISGREAT
map: Slalom
- players: 8
- length: 45:43
- speed: Fast
- version: 1.26 W3XP
- replay type: Public
» download(243 KB)
Players
team 1 (winner)

»
lym6421W (
orange | 61 APM | 2773 actions | 45:43)
6 Death Knight
3 Death Coil
3 Unholy Aura
6 Lich
3 Frost Nova
2 Dark Ritual
1 Death and Decay
» actions
| Assign group hotkey | 31 | |
| Basic commands | 236 | |
| Build / train | 109 | |
| ESC pressed | 2 | |
| Enter build submenu | 30 | |
| Enter hero's abilities submenu | 12 | |
| Give item / drop item | 3 | |
| Remove unit from queue | 9 | |
| Right click | 826 | |
| Select / deselect | 479 | |
| Select group hotkey | 903 | |
| Use ability | 133 | |
2773 total
» units
| Acolyte | 8 | |
| Ghoul | 14 | |
| Frost Wyrm | 7 | |
| Crypt Fiend | 7 | |
| Obsidian Statue | 2 | |
38 total
» upgrades
| Creature Attack | 3 | |
| Creature Carapace | 3 | |
| Freezing Breath | 1 | |
| Web | 1 | |
| Ghoul Frenzy | 1 | |
| Burrow | 1 | |
10 total
» buildings
| Crypt | 1 | |
| Ziggurat | 13 | |
| Graveyard | 1 | |
| Altar of Darkness | 1 | |
| Tomb of Relics | 1 | |
| Halls of the Dead | 3 | |
| Sacrificial Pit | 1 | |
| Black Citadel | 4 | |
| Necropolis | 3 | |
| Boneyard | 2 | |
| Spirit Tower | 6 | |
| Slaughterhouse | 1 | |
37 total
» build order
00:13 Crypt
00:16 Ziggurat
00:51 Graveyard
01:03 Altar of Darkness
02:19 Tomb of Relics
02:23 Ziggurat
03:32 Halls of the Dead
03:33 Halls of the Dead
04:02 Ziggurat
06:00 Sacrificial Pit
06:05 Ziggurat
06:09 Ziggurat
06:13 Black Citadel
06:13 Black Citadel
06:13 Black Citadel
06:44 Necropolis
08:39 Boneyard
08:43 Boneyard
09:30 Ziggurat
09:30 Ziggurat
09:35 Ziggurat
13:34 Spirit Tower
13:35 Spirit Tower
13:36 Spirit Tower
13:37 Spirit Tower
13:38 Spirit Tower
19:41 Slaughterhouse
24:19 Necropolis
26:13 Ziggurat
26:15 Ziggurat
26:15 Ziggurat
26:17 Ziggurat
26:18 Ziggurat
28:29 Necropolis
» items
| Rod of Necromancy | 4 | |
| Orb of Corruption | 5 | |
| Scroll of Town Portal | 3 | |
| Lesser Clarity Potion | 2 | |
| Healing Salve | 1 | |
15 total
hongmylaoto (
red | 31 APM | 1399 actions | 45:43)
6 Keeper of the Grove
2 Force of Nature
3 Entangling Roots
1 Tranquility
5 Priestess of the Moon
2 Trueshot Aura
2 Scout
1 Starfall
» actions
| Assign group hotkey | 13 | |
| Build / train | 98 | |
| Enter build submenu | 44 | |
| Enter hero's abilities submenu | 13 | |
| Remove unit from queue | 1 | |
| Right click | 606 | |
| Select / deselect | 432 | |
| Select group hotkey | 110 | |
| Use ability | 82 | |
1399 total
» units
| Wisp | 44 | |
| Huntress | 6 | |
| Hippogryph | 12 | |
| Chimaera | 9 | |
71 total
» upgrades
| Sentinel | 1 | |
| Strength of the Wild | 2 | |
| Reinforced Hides | 1 | |
| Nature's Blessing | 1 | |
| Corrosive Breath | 1 | |
6 total
» buildings
| Moon Well | 13 | |
| Altar of Elders | 2 | |
| Hunter's Hall | 1 | |
| Ancient of War | 1 | |
| Tree of Life | 6 | |
| Ancient Protector | 9 | |
| Tree of Ages | 1 | |
| Ancient of Wonders | 1 | |
| Tree of Eternity | 1 | |
| Ancient of Wind | 2 | |
| Chimaera Roost | 4 | |
41 total
» build order
00:33 Moon Well
00:59 Altar of Elders
01:49 Hunter's Hall
02:18 Ancient of War
02:39 Moon Well
03:01 Moon Well
05:55 Tree of Life
07:00 Ancient Protector
07:02 Ancient Protector
07:05 Ancient Protector
07:08 Tree of Life
07:14 Ancient Protector
07:18 Ancient Protector
07:21 Moon Well
07:29 Tree of Ages
07:54 Ancient Protector
08:42 Moon Well
08:54 Moon Well
09:05 Ancient of Wonders
09:53 Tree of Eternity
11:34 Tree of Life
11:48 Ancient of Wind
13:01 Chimaera Roost
13:04 Chimaera Roost
13:07 Chimaera Roost
13:12 Chimaera Roost
13:40 Ancient Protector
13:47 Ancient of Wind
13:55 Ancient Protector
14:03 Ancient Protector
15:18 Moon Well
15:47 Moon Well
17:23 Moon Well
18:00 Moon Well
18:03 Moon Well
18:14 Tree of Life
19:43 Moon Well
23:47 Moon Well
26:17 Tree of Life
28:49 Tree of Life
32:56 Altar of Elders
» items
| Scroll of Speed | 2 | |
| Scroll of Town Portal | 2 | |
4 total
LATEISGREAT (
purple | 56 APM | 2546 actions | 45:43)
7 Archmage
3 Blizzard
3 Brilliance Aura
1 Mass Teleport
» actions
| Assign group hotkey | 144 | |
| Basic commands | 160 | |
| Build / train | 117 | |
| ESC pressed | 4 | |
| Enter build submenu | 42 | |
| Enter hero's abilities submenu | 7 | |
| Give item / drop item | 7 | |
| Right click | 907 | |
| Select / deselect | 511 | |
| Select group hotkey | 549 | |
| Use ability | 97 | |
2546 total
» units
| Peasant | 26 | |
| Footman | 13 | |
| Gryphon Rider | 13 | |
| Dragonhawk Rider | 11 | |
63 total
» upgrades
| Masonry | 3 | |
| Lumber Harvesting | 2 | |
| Swords | 3 | |
| Armor | 3 | |
| Animal War Training | 1 | |
| Storm Hammers | 1 | |
| Cloud | 1 | |
| Gunpowder | 1 | |
| Plating | 1 | |
16 total
» buildings
| Altar of Kings | 2 | |
| Farm | 12 | |
| Barracks | 1 | |
| Scout Tower | 8 | |
| Arcane Tower | 3 | |
| Arcane Vault | 3 | |
| Lumber Mill | 2 | |
| Town Hall | 6 | |
| Keep | 7 | |
| Guard Tower | 6 | |
| Blacksmith | 2 | |
| Castle | 4 | |
| Gryphon Aviary | 2 | |
58 total
» build order
00:04 Altar of Kings
00:07 Farm
00:09 Barracks
01:26 Farm
01:30 Scout Tower
01:58 Arcane Tower
01:59 Arcane Tower
01:59 Arcane Tower
02:27 Farm
03:09 Arcane Vault
03:12 Lumber Mill
04:51 Town Hall
05:37 Keep
06:10 Scout Tower
06:43 Scout Tower
06:46 Guard Tower
06:57 Blacksmith
07:14 Scout Tower
07:28 Guard Tower
08:04 Guard Tower
08:58 Castle
08:58 Castle
08:58 Castle
10:16 Gryphon Aviary
10:19 Gryphon Aviary
11:40 Farm
13:20 Scout Tower
13:51 Scout Tower
14:13 Scout Tower
14:19 Guard Tower
14:21 Guard Tower
14:43 Guard Tower
14:52 Farm
15:08 Farm
17:37 Keep
17:51 Town Hall
18:03 Farm
18:27 Farm
18:32 Farm
18:35 Farm
19:49 Town Hall
20:41 Farm
20:46 Farm
21:04 Keep
21:46 Town Hall
22:01 Keep
24:33 Keep
25:39 Arcane Vault
26:14 Town Hall
28:52 Altar of Kings
29:00 Blacksmith
30:30 Castle
31:56 Town Hall
38:39 Keep
38:44 Arcane Vault
38:51 Lumber Mill
45:18 Scout Tower
» items
| Periapt of Vitality | 1 | |
| Boots of Speed | 1 | |
| Staff of Teleportation | 1 | |
| Dust of Appearance | 1 | |
| Orb of Venom | 1 | |
| Scroll of Regeneration | 2 | |
| Scroll of Town Portal | 2 | |
| Orb of Fire | 1 | |
10 total
NinjaSarah (
pink | 49 APM | 2249 actions | 45:43)
6 Blademaster
3 Wind Walk
2 Critical Strike
1 Bladestorm
» actions
| Assign group hotkey | 65 | |
| Basic commands | 273 | |
| Build / train | 89 | |
| Enter build submenu | 71 | |
| Enter hero's abilities submenu | 6 | |
| Give item / drop item | 1 | |
| Remove unit from queue | 6 | |
| Right click | 846 | |
| Select / deselect | 327 | |
| Select group hotkey | 316 | |
| Use ability | 249 | |
2249 total
» units
| Peon | 28 | |
| Grunt | 4 | |
| Troll Batrider | 26 | |
58 total
» upgrades
| Spiked Barricades | 2 | |
| Reinforced Defenses | 1 | |
| Armor | 2 | |
| Ranged Weapons | 1 | |
| Troll Regeneration | 1 | |
7 total
» buildings
| Altar of Storms | 1 | |
| Orc Burrow | 6 | |
| Barracks | 1 | |
| Voodoo Lounge | 2 | |
| War Mill | 2 | |
| Great Hall | 6 | |
| Stronghold | 1 | |
| Watch Tower | 72 | |
| Fortress | 1 | |
| Beastiary | 4 | |
96 total
» build order
00:44 Altar of Storms
00:49 Orc Burrow
00:55 Barracks
01:32 Orc Burrow
02:34 Voodoo Lounge
03:01 War Mill
03:19 Orc Burrow
05:59 Great Hall
06:03 Great Hall
06:14 Stronghold
07:40 Stronghold
08:26 Watch Tower
08:26 Watch Tower
08:28 Watch Tower
08:29 Watch Tower
08:30 Watch Tower
08:32 Watch Tower
08:33 Watch Tower
08:33 Watch Tower
08:50 Watch Tower
08:52 Watch Tower
08:54 Watch Tower
08:55 Watch Tower
08:57 Watch Tower
09:38 Watch Tower
09:40 Watch Tower
09:41 Watch Tower
09:43 Watch Tower
09:44 Watch Tower
09:46 Watch Tower
09:47 Watch Tower
09:49 Watch Tower
10:48 Watch Tower
10:50 Watch Tower
11:02 Watch Tower
11:22 Great Hall
12:30 Voodoo Lounge
12:32 Watch Tower
12:33 Watch Tower
12:34 Watch Tower
12:34 Watch Tower
12:36 Watch Tower
12:37 Watch Tower
12:39 Watch Tower
12:40 Watch Tower
12:41 Watch Tower
12:46 Watch Tower
12:47 Watch Tower
12:49 Watch Tower
12:50 Watch Tower
13:06 Watch Tower
13:06 Watch Tower
13:07 Watch Tower
13:10 Watch Tower
13:10 Watch Tower
13:13 Watch Tower
13:15 Watch Tower
13:21 Watch Tower
13:54 Watch Tower
14:25 Fortress
14:31 War Mill
16:13 Watch Tower
16:13 Watch Tower
16:14 Watch Tower
16:17 Watch Tower
16:18 Watch Tower
16:20 Watch Tower
18:03 Watch Tower
18:04 Watch Tower
18:04 Watch Tower
18:06 Watch Tower
18:07 Watch Tower
18:08 Watch Tower
18:10 Watch Tower
18:11 Watch Tower
18:12 Watch Tower
18:13 Watch Tower
18:15 Watch Tower
18:16 Watch Tower
18:24 Beastiary
18:24 Beastiary
18:26 Beastiary
18:44 Orc Burrow
18:46 Orc Burrow
18:54 Beastiary
18:57 Orc Burrow
22:00 Watch Tower
22:01 Watch Tower
22:01 Watch Tower
22:01 Watch Tower
22:02 Watch Tower
22:03 Watch Tower
22:04 Watch Tower
23:10 Great Hall
23:11 Watch Tower
27:23 Great Hall
30:33 Great Hall
» items
| Healing Salve | 1 | |
| Boots of Speed | 1 | |
| Staff of Teleportation | 1 | |
| Potion of Mana | 3 | |
| Lesser Clarity Potion | 2 | |
| Orb of Lightning | 1 | |
9 total
team 2 (loser)
893666847294875 (
blue | 41 APM | 1144 actions | 28:12)
3 Blademaster
1 Wind Walk
2 Critical Strike
» actions
| Basic commands | 6 | |
| Build / train | 86 | |
| ESC pressed | 2 | |
| Enter build submenu | 49 | |
| Enter hero's abilities submenu | 3 | |
| Right click | 402 | |
| Select / deselect | 439 | |
| Use ability | 157 | |
1144 total
» units
| Peon | 21 | |
| Raider | 2 | |
| Wind Rider | 2 | |
| Troll Batrider | 36 | |
| Shaman | 12 | |
73 total
» upgrades
| Shaman Training | 2 | |
| Ranged Weapons | 3 | |
| Armor | 1 | |
6 total
» buildings
| Stronghold | 1 | |
| Orc Burrow | 8 | |
| Altar of Storms | 1 | |
| War Mill | 2 | |
| Spirit Lodge | 1 | |
| Great Hall | 2 | |
| Beastiary | 3 | |
| Watch Tower | 23 | |
| Fortress | 1 | |
| Voodoo Lounge | 1 | |
| Tauren Totem | 1 | |
44 total
» build order
01:22 Stronghold
01:49 Orc Burrow
02:14 Altar of Storms
02:35 War Mill
03:07 Orc Burrow
04:31 Spirit Lodge
04:42 Orc Burrow
05:31 Great Hall
05:38 Orc Burrow
05:58 Beastiary
06:20 Beastiary
06:46 Watch Tower
06:51 Watch Tower
07:32 Fortress
07:48 Voodoo Lounge
07:53 Orc Burrow
08:10 Watch Tower
08:22 Watch Tower
09:24 Watch Tower
09:36 Watch Tower
10:31 Watch Tower
10:41 Watch Tower
11:15 War Mill
11:32 Beastiary
12:06 Watch Tower
12:44 Orc Burrow
13:40 Watch Tower
13:46 Orc Burrow
15:04 Orc Burrow
16:05 Watch Tower
16:07 Watch Tower
16:17 Watch Tower
16:37 Watch Tower
16:41 Watch Tower
18:04 Watch Tower
18:16 Watch Tower
19:22 Watch Tower
20:22 Great Hall
20:51 Watch Tower
22:02 Watch Tower
23:13 Watch Tower
25:13 Watch Tower
27:02 Tauren Totem
28:07 Watch Tower
» items

»
JohnyNumber1 (
yellow | 60 APM | 1674 actions | 28:07)
6 Paladin
3 Holy Light
3 Devotion Aura
4 Mountain King
2 Storm Bolt
2 Bash
3 Archmage
2 Summon Water Elemental
1 Brilliance Aura
» actions
| Assign group hotkey | 41 | |
| Basic commands | 120 | |
| Build / train | 97 | |
| Enter build submenu | 33 | |
| Enter hero's abilities submenu | 13 | |
| Give item / drop item | 4 | |
| Remove unit from queue | 1 | |
| Right click | 394 | |
| Select / deselect | 247 | |
| Select group hotkey | 597 | |
| Use ability | 127 | |
1674 total
» units
| Peasant | 26 | |
| Footman | 4 | |
| Gryphon Rider | 3 | |
| Priest | 2 | |
| Dragonhawk Rider | 6 | |
41 total
» upgrades
| Masonry | 3 | |
| Defend | 1 | |
| Swords | 3 | |
| Armor | 3 | |
| Lumber Harvesting | 2 | |
| Animal War Training | 1 | |
| Storm Hammers | 1 | |
| Priest Training | 2 | |
| Cloud | 1 | |
| Magic Sentry | 1 | |
18 total
» buildings
| Farm | 13 | |
| Altar of Kings | 1 | |
| Barracks | 1 | |
| Lumber Mill | 1 | |
| Scout Tower | 14 | |
| Arcane Tower | 1 | |
| Town Hall | 1 | |
| Keep | 1 | |
| Arcane Vault | 1 | |
| Blacksmith | 1 | |
| Guard Tower | 10 | |
| Castle | 1 | |
| Gryphon Aviary | 3 | |
| Arcane Sanctum | 1 | |
50 total
» build order
00:23 Farm
00:39 Altar of Kings
00:53 Barracks
01:09 Farm
01:47 Farm
02:26 Farm
02:40 Lumber Mill
03:07 Farm
03:16 Scout Tower
03:46 Arcane Tower
03:52 Farm
04:50 Town Hall
06:06 Keep
06:14 Scout Tower
06:17 Scout Tower
06:27 Arcane Vault
06:31 Blacksmith
06:39 Scout Tower
06:40 Scout Tower
06:43 Guard Tower
06:46 Scout Tower
06:50 Guard Tower
07:19 Guard Tower
07:22 Scout Tower
07:24 Scout Tower
07:50 Guard Tower
07:53 Scout Tower
07:54 Guard Tower
07:57 Scout Tower
08:26 Guard Tower
08:28 Scout Tower
08:32 Guard Tower
08:34 Scout Tower
08:39 Castle
08:48 Gryphon Aviary
08:51 Gryphon Aviary
08:56 Gryphon Aviary
09:05 Guard Tower
09:06 Guard Tower
10:21 Arcane Sanctum
10:25 Farm
10:26 Farm
10:27 Farm
10:27 Farm
13:22 Farm
13:22 Farm
13:22 Farm
17:07 Scout Tower
17:40 Guard Tower
17:41 Scout Tower
» items
| Scroll of Regeneration | 2 | |
| Orb of Fire | 2 | |
| Orb of Lightning | 1 | |
| Potion of Healing | 1 | |
| Scroll of Speed | 1 | |
| Scroll of Town Portal | 1 | |
8 total
fcp (
green | 55 APM | 1534 actions | 27:59)
6 Dark Ranger
2 Black Arrow
3 Life Drain
1 Charm
4 Keeper of the Grove
2 Entangling Roots
2 Force of Nature
» actions
| Assign group hotkey | 12 | |
| Basic commands | 7 | |
| Build / train | 74 | |
| Enter build submenu | 19 | |
| Enter hero's abilities submenu | 10 | |
| Give item / drop item | 5 | |
| Right click | 613 | |
| Select / deselect | 398 | |
| Select group hotkey | 330 | |
| Use ability | 65 | |
1534 total
» units
» upgrades
| Strength of the Wild | 3 | |
| Reinforced Hides | 2 | |
| Corrosive Breath | 1 | |
| Well Spring | 1 | |
| Nature's Blessing | 1 | |
8 total
» buildings
| Moon Well | 6 | |
| Ancient of War | 1 | |
| Altar of Elders | 1 | |
| Tree of Ages | 1 | |
| Tree of Life | 3 | |
| Hunter's Hall | 1 | |
| Tree of Eternity | 1 | |
| Ancient of Wind | 1 | |
| Ancient of Wonders | 1 | |
| Chimaera Roost | 3 | |
19 total
» build order
00:14 Moon Well
00:19 Ancient of War
00:40 Altar of Elders
01:34 Moon Well
03:01 Tree of Ages
03:41 Tree of Life
04:15 Hunter's Hall
04:41 Moon Well
05:33 Tree of Eternity
07:01 Ancient of Wind
07:07 Moon Well
07:19 Tree of Life
07:38 Ancient of Wonders
08:08 Chimaera Roost
08:13 Chimaera Roost
08:37 Chimaera Roost
08:56 Moon Well
16:15 Moon Well
27:12 Tree of Life
» items
| Boots of Speed | 2 | |
| Staff of Teleportation | 2 | |
| Scroll of Town Portal | 9 | |
| Tiny Great Hall | 1 | |
14 total
Chat log
(01:13 / Allies) hongmylaoto: pink let towers up
(01:19 / Allies) LATEISGREAT: ?
(01:25 / Allies) NinjaSarah: you want me to tower sides?
(01:39 / Allies) hongmylaoto: this map don have gold so we towers there isgood
(01:57 / Allies) hongmylaoto: i will give you resources
(02:17 / Allies) NinjaSarah: I use to do that a lot my allies hated it until it won games
(02:23 / Allies) LATEISGREAT: lol
(02:25 / Allies) NinjaSarah: they'd usually leave tho
(02:33 / Allies) hongmylaoto: let do it
(02:51 / Allies) NinjaSarah: it works well because two chokepoints for whole team
(03:38 / Allies) LATEISGREAT: I'll expo there
(04:11 / Allies) hongmylaoto: bring 2 guys pink
(04:46 / Allies) LATEISGREAT: k
(11:24 / Allies) hongmylaoto: di they make towere
(12:15 / Allies) NinjaSarah: lumber
(13:49 / Allies) NinjaSarah: get more towers at expos
(14:50 / All) NinjaSarah: why can't that faggot just leave
(16:39 / Allies) hongmylaoto: hitarun run]
(16:56 / Allies) LATEISGREAT: tp
(17:31 / Allies) NinjaSarah: any AA?
(17:31 / Allies) LATEISGREAT: tp morons
(17:34 / Allies) NinjaSarah: repair
(17:37 / Allies) NinjaSarah: hurry
(17:38 / Allies) NinjaSarah: mass repair
(17:45 / Allies) LATEISGREAT: killed his hero
(17:51 / Allies) NinjaSarah: just mass dhawks
(18:14 / Allies) LATEISGREAT: didn't mass repair since it would kill the hall anyway
(18:20 / Allies) NinjaSarah: lumber
(18:41 / Allies) NinjaSarah: lumber I'll mass bats
(19:10 / Allies) LATEISGREAT: jesus christ
(19:11 / Allies) hongmylaoto: just get halk
(19:16 / Allies) LATEISGREAT: I can't if he kills everything retard
(19:17 / Allies) hongmylaoto: ok get halwk
(19:23 / All) NinjaSarah: teal's lag
(19:25 / All) LATEISGREAT: get the fuck out
(19:26 / Allies) hongmylaoto: we eady to hti
(19:26 / All) NinjaSarah: I pressed w
(20:01 / Allies) NinjaSarah: b up with wyrms
(20:02 / Allies) NinjaSarah: back oj
(20:11 / Allies) NinjaSarah: let them kill it
(20:52 / Allies) hongmylaoto: getbackbkack
(20:55 / Allies) hongmylaoto: getbackkbkack
(21:01 / Allies) NinjaSarah: tp out
(21:07 / Allies) hongmylaoto: damrun
(21:51 / Allies) hongmylaoto: we htidont st ay
(21:52 / Allies) NinjaSarah: kill their expos
(21:53 / Allies) hongmylaoto: we hit
(22:31 / Allies) NinjaSarah: kill expos
(23:27 / Allies) LATEISGREAT: this guy must have a hall here he is tping or some shit
(23:29 / Allies) LATEISGREAT: green fag
(23:33 / Allies) LATEISGREAT: tp
(23:40 / Allies) hongmylaoto: ewe hit adn run
(25:35 / Allies) NinjaSarah: gold
(25:37 / Allies) NinjaSarah: for bats
(26:13 / Allies) NinjaSarah: meet
(26:19 / Allies) NinjaSarah: ORANGE
(26:22 / Allies) NinjaSarah: I NEED THAT FUCKING EXPO
(26:25 / Allies) NinjaSarah: stop it
(26:27 / Allies) hongmylaoto: run ru nout of gold
(26:28 / Allies) hongmylaoto: commceme
(26:29 / Allies) NinjaSarah: look at that faggot
(26:32 / Allies) NinjaSarah: we just lost the game
(26:37 / Allies) NinjaSarah: idiot kill my hall
(26:50 / Allies) NinjaSarah: fucking idiot
(26:52 / Allies) NinjaSarah: I planted hall first
(26:56 / Allies) NinjaSarah: then you plump down your gold mine
(26:59 / Allies) NinjaSarah: and kill my 400 gold hall
(27:07 / Allies) LATEISGREAT: gj we lost retard
(27:10 / Allies) NinjaSarah: I need gold
(27:20 / Allies) hongmylaoto: wait
(27:29 / Allies) LATEISGREAT: hit
(27:36 / Allies) NinjaSarah: orange bats are way more important
(27:38 / Allies) NinjaSarah: than wyrms
(27:42 / Allies) NinjaSarah: you should have massed ghargs
(27:46 / Allies) NinjaSarah: don'
(28:04 / All) LATEISGREAT: raped
(28:11 / All) NinjaSarah: that hall was nifty
(28:15 / All) LATEISGREAT: you lost
(28:17 / All) LATEISGREAT: get the fuck out
(31:41 / Allies) LATEISGREAT: this is why you don't be a fag oj
(33:16 / Allies) LATEISGREAT: leave faggots
(33:17 / Allies) hongmylaoto: wy did you do that for
(33:20 / Allies) LATEISGREAT: out
(33:22 / Allies) LATEISGREAT: kill yourself
(34:18 / Allies) hongmylaoto: why did you do for
(34:22 / Allies) LATEISGREAT: kill yourself
(34:23 / Allies) hongmylaoto: just wonder
(34:33 / Allies) hongmylaoto: we are wiinning
(34:37 / Allies) LATEISGREAT: nope.
(34:43 / Allies) LATEISGREAT: not anymore
(34:43 / Allies) hongmylaoto: iam not leaving
(34:52 / Allies) NinjaSarah: That's your prerogative
(35:12 / Allies) LATEISGREAT: tp in sec to kill
(35:41 / Allies) NinjaSarah: tp there
(36:39 / Allies) LATEISGREAT: I told you red, we are not winning anymore
(36:41 / Allies) LATEISGREAT: ok?
(36:55 / Allies) hongmylaoto: event i dont we still win
(37:09 / Allies) LATEISGREAT: nope, we will kill all of our stuff if we must to give you the loss
(37:14 / All) NinjaSarah: what country are you from?
(37:18 / Allies) hongmylaoto: doe that make sense
(37:21 / Allies) hongmylaoto: us
(37:23 / Allies) hongmylaoto: tn
(37:56 / Allies) hongmylaoto: you guys scare igot top sscore
(38:04 / Allies) LATEISGREAT: lol sure
(38:11 / Allies) LATEISGREAT: check score screen after retard
(39:11 / Allies) hongmylaoto: why did you guy make nonsense
(39:15 / All) NinjaSarah: Are you Chinese?
(39:16 / Allies) hongmylaoto: pl want to win
(39:18 / Allies) LATEISGREAT: to put it on highper.ch it is a work of art
(39:53 / All) NinjaSarah: I wanted to abuse wind walk on their expos
(39:59 / All) NinjaSarah: but they didn't relaly expand much
(40:11 / All) LATEISGREAT: they sucked, looked like a team of one trick ponies. albeit effective one tree ponies
(40:30 / All) NinjaSarah: Green was effective
(40:32 / All) NinjaSarah: Blue I raped his bats
(40:33 / All) LATEISGREAT: yeah
(40:38 / All) NinjaSarah: yellow just massed air
(40:41 / All) NinjaSarah: teal didn't paly
(40:47 / All) NinjaSarah: Green almost won for them tho
(40:51 / All) LATEISGREAT: yellow probably does the same thing every game
(40:59 / All) NinjaSarah: I just wanted to make heroic stands at our towers
(41:03 / All) LATEISGREAT: Green's strat was pretty unique
(41:06 / All) NinjaSarah: then green forced my hand
(41:09 / All) LATEISGREAT: Hidden tree and TP
(41:10 / All) NinjaSarah: to quickly pump out bats
(41:18 / All) LATEISGREAT: Mass bats rape in your hands
(41:20 / All) NinjaSarah: He probably saw it from someone else on this map
(41:27 / All) NinjaSarah: First time I've seen it tho
(42:05 / All) NinjaSarah: First time I seen that on this map and this map has been in rotation for liek 8 years
(42:17 / All) NinjaSarah: it's a good idea because it's just a long travel
(42:21 / All) LATEISGREAT: I wish Blizzard put in a new ladder map pool but they never will
(42:42 / All) LATEISGREAT: The only counter to green's strat is mass tp I think, if you don't have that in time you're fucked and can only hit to force a
(42:43 / All) LATEISGREAT: base race.
(42:57 / All) LATEISGREAT: Defending is futile UNLESS you find his hidden tree
(43:02 / All) NinjaSarah: It's to camp and wait for him to harass again then insta rape his army
(43:04 / All) NinjaSarah: with bats or dhawksw
(43:32 / All) NinjaSarah: Well he could tp if dhawks net him
(43:34 / All) NinjaSarah: before he loses any
(43:41 / All) NinjaSarah: but it would no longer be cost effective
(43:46 / All) NinjaSarah: 350 gold before he can do damage
(43:54 / All) LATEISGREAT: yeah, if you use too many tps it costs you money if you don't kill anything
(44:24 / All) LATEISGREAT: I think level 3 flame strike and mass tp are the best hero spells in the game
(44:29 / All) NinjaSarah: Such a waste of dual pendants
(44:32 / All) LATEISGREAT: Flame strike level 3 rapes buildings, mass tp is self explanatory
(44:34 / All) NinjaSarah: yeah
(44:38 / All) NinjaSarah: Wind walk
(44:44 / All) NinjaSarah: level 2 wind walk
(44:49 / All) LATEISGREAT: Crypt lord and blood mage are the most underrated heroes
(44:50 / All) NinjaSarah: that's BM ultimate really
(44:52 / All) NinjaSarah: level 3
(45:01 / All) LATEISGREAT: Last building, any last words red?
(45:19 / Allies) hongmylaoto: did something nonesese
(45:23 / All) NinjaSarah: lol
(45:25 / Allies) LATEISGREAT: Last building sir
(45:32 / Allies) hongmylaoto: kii it
(45:34 / All) LATEISGREAT: Goodbye chinaman